 Dungeon Crawl Stone Soup version 0.23.2-1-ga50397a (webtiles) character file.

Game seed: 12836525412069014270

355 keltmir the Charmwright (level 6, -4/51 HPs)
             Began as a Gnoll Skald on May 12, 2019.
             Slain by a mummy (12 damage)
             ... in an ossuary.
             The game lasted 00:18:03 (3223 turns).

keltmir the Charmwright (Gnoll Skald)               Turns: 3223, Time: 00:18:04

Health: -4/51      AC:  8    Str: 15    XL:     6   Next: 63%
Magic:  14/14      EV: 13    Int: 15    God:
Gold:   137        SH:  0    Dex: 15    Spells: 14/15 levels left

rFire    . . .     SeeInvis .   a - +0 mace
rCold    . . .     Gourm    .   (no shield)
rNeg     . . .     Faith    .   l - +0 ring mail
rPois    .         Spirit   .   h - +2 helmet
rElec    .         Reflect  .   (no cloak)
rCorr    .         Harm     .   (no gloves)
MR       .....                  (no boots)
Stlth    +.........             (no amulet)
HPRegen  0.17/turn              (no ring)
MPRegen  0.14/turn              (no ring)

@: infused (expiring)
A: distributed training, fangs 1, strong nose
a: no special abilities


You were in an ossuary.
You were not hungry.

You visited 1 branch of the dungeon, and saw 4 of its levels.
You also visited: Ossuary.

You collected 137 gold pieces.

Inventory:

Hand Weapons
 a - a +0 mace (weapon)
 e - a +0 whip
Missiles
 i - 2 stones (quivered)
 j - 31 poisoned needles
Armour
 h - a +2 helmet (worn)
 k - a +0 scale mail
 l - a +0 ring mail (worn)
 o - a +0 shield
 s - a +0 buckler
Jewellery
 b - an uncursed ring of stealth
Scrolls
 c - a scroll of remove curse
 f - 5 scrolls of identify {unknown}
 g - 3 scrolls of teleportation {unknown}
 m - 4 scrolls of random uselessness {unknown}
 n - a scroll of enchant weapon {unknown}
Potions
 p - a potion of curing
Comestibles
 d - 8 rations
 q - a chunk of flesh


   Skills:
 + Level 5.0 Fighting
 + Level 2.0 Short Blades
 + Level 2.0 Long Blades
 + Level 2.0 Axes
 + Level 5.0 Maces & Flails
 + Level 2.0 Polearms
 + Level 2.0 Staves
 + Level 2.0 Slings
 + Level 2.0 Bows
 + Level 2.0 Crossbows
 + Level 2.0 Throwing
 + Level 3.3 Armour
 + Level 5.0 Dodging
 + Level 2.0 Stealth
 + Level 2.0 Shields
 + Level 2.0 Unarmed Combat
 + Level 5.4 Spellcasting
 + Level 1.6 Conjurations
 + Level 1.6 Hexes
 + Level 5.7 Charms
 + Level 1.6 Summonings
 + Level 1.6 Necromancy
 + Level 1.6 Translocations
 + Level 1.6 Transmutations
 + Level 1.6 Fire Magic
 + Level 1.6 Ice Magic
 + Level 1.6 Air Magic
 + Level 1.6 Earth Magic
 + Level 1.6 Poison Magic
 + Level 2.2 Invocations
 + Level 2.0 Evocations


You had 14 spell levels left.
You knew the following spells:

 Your Spells              Type           Power        Failure   Level  Hunger
a - Infusion              Chrm           ###.         3%          1    None

Your spell library contained the following spells:

 Spells                   Type           Power        Failure   Level  Hunger
 Song of Slaying          Chrm           ###.....     4%          2    #......
 Shroud of Golubria       Chrm/Tloc      ###.......   10%         2    #......
 Regeneration             Chrm/Necr      ###.......   21%         3    ###....
 Spectral Weapon          Hex/Chrm       ###.....     21%         3    ###....


Dungeon Overview and Level Annotations

Branches:
Dungeon (4/15)
 Temple: D:4-7

Altars:


Innate Abilities, Weirdness & Mutations

Your experience applies equally to all skills.
You have very sharp teeth.
Your uncanny sense of smell can sniff out nearby items.


Message History

You hit the mummy.
The mummy is moderately damaged.
The mummy hits you.
* * * LOW HITPOINT WARNING * * *
You hit the mummy but do no damage.
The mummy is moderately damaged.
The mummy barely misses you.
You hit the mummy.
The mummy is heavily damaged.
The mummy hits you!
* * * LOW HITPOINT WARNING * * *
The mummy hits you.
* * * LOW HITPOINT WARNING * * *
You aren't wearing any rings or amulets.
Unknown command.
It was a potion of curing.
You feel better. The mummy barely misses you.
It was a potion of magic.
Magic courses through your body.
Your magical infusion is running out.
The mummy hits you!
You die...

############
#?M#........
#?@MZ......... .
####.........#####.
#..ZM..............
#..................
#.....##...........
#.....##...........
#..................
#..........M.......
#..#...............


You could see 3 mummies and 2 big kobold zombies.

Vanquished Creatures
  An elf skeleton (D:4)
  A human zombie (Ossuary)
  An iguana (D:3)
  Natasha (D:3)
  A worker ant (D:4)
  A big kobold zombie (Ossuary)
  2 hound zombies (Ossuary)
  A mummy (Ossuary)
  6 adders
  An adder zombie (Ossuary)
  3 worms
  A dart slug (D:3)
  A leopard gecko (D:3)
  3 orcs
  3 giant cockroaches
  4 goblins
  9 hobgoblins
  6 jackals
  6 kobolds
  A quokka (D:3)
  4 bats
  3 frilled lizards
  3 goblin zombies (Ossuary)
  A hobgoblin zombie (Ossuary)
  An orc skeleton (D:4)
  2 orc zombies
  A quokka skeleton (D:4)
  5 rats
73 creatures vanquished.

Notes
Turn   | Place    | Note
-------+----------+-------------------------------------------
     0 | D:1      | keltmir the Gnoll Skald began the quest for the Orb.
     0 | D:1      | Reached XP level 1. HP: 20/20 MP: 6/6
   110 | D:1      | Reached XP level 2. HP: 26/26 MP: 3/7
   798 | D:2      | Reached skill level 5 in Spellcasting
   798 | D:2      | Reached XP level 3. HP: 23/31 MP: 4/9
  1002 | D:2      | Reached skill level 1 in Invocations
  1114 | D:2      | Reached skill level 1 in Short Blades
  1114 | D:2      | Reached skill level 1 in Long Blades
  1114 | D:2      | Reached skill level 1 in Axes
  1114 | D:2      | Reached skill level 1 in Polearms
  1114 | D:2      | Reached skill level 1 in Staves
  1114 | D:2      | Reached skill level 1 in Slings
  1114 | D:2      | Reached skill level 1 in Bows
  1114 | D:2      | Reached skill level 1 in Crossbows
  1114 | D:2      | Reached skill level 1 in Throwing
  1114 | D:2      | Reached skill level 1 in Stealth
  1114 | D:2      | Reached skill level 1 in Shields
  1114 | D:2      | Reached skill level 1 in Unarmed Combat
  1114 | D:2      | Reached skill level 1 in Evocations
  1114 | D:2      | Reached XP level 4. HP: 33/38 MP: 7/11
  2103 | D:3      | Reached skill level 1 in Conjurations
  2103 | D:3      | Reached skill level 1 in Hexes
  2103 | D:3      | Reached skill level 1 in Summonings
  2103 | D:3      | Reached skill level 1 in Necromancy
  2103 | D:3      | Reached skill level 1 in Translocations
  2103 | D:3      | Reached skill level 1 in Transmutations
  2103 | D:3      | Reached skill level 1 in Fire Magic
  2103 | D:3      | Reached skill level 1 in Ice Magic
  2103 | D:3      | Reached skill level 1 in Air Magic
  2103 | D:3      | Reached skill level 1 in Earth Magic
  2103 | D:3      | Reached skill level 1 in Poison Magic
  2128 | D:3      | Found a faded altar of an unknown god.
  2152 | D:3      | Noticed Natasha
  2542 | D:3      | Killed Natasha
  2542 | D:3      | Reached XP level 5. HP: 43/43 MP: 7/12
  2737 | D:3      | HP: 2/43 [poisoned by a worker ant]
  3110 | D:4      | Reached XP level 6. HP: 43/50 MP: 4/13
  3117 | D:4      | Found a sand-covered staircase.
  3124 | Ossuary  | Entered an ossuary
  3151 | Ossuary  | Reached skill level 5 in Fighting
  3151 | Ossuary  | Reached skill level 5 in Maces & Flails
  3151 | Ossuary  | Reached skill level 5 in Dodging
  3223 | Ossuary  | Slain by a mummy

Skill      XL: |  1  2  3  4  5  6 |
---------------+-------------------+-----
Spellcasting   | 5 |  5.4
Invocations    | 1 2 |  2.2
Short Blades   | 1 2 |  2.0
Long Blades    | 1 2 |  2.0
Axes           | 1 2 |  2.0
Polearms       | 1 2 |  2.0
Staves         | 1 2 |  2.0
Slings         | 1 2 |  2.0
Bows           | 1 2 |  2.0
Crossbows      | 1 2 |  2.0
Throwing       | 1 2 |  2.0
Stealth        | 1 2 |  2.0
Shields        | 1 2 |  2.0
Unarmed Combat | 1 2 |  2.0
Evocations     | 1 2 |  2.0
Conjurations   | 1 |  1.6
Hexes          | 1 |  1.6
Summonings     | 1 |  1.6
Necromancy     | 1 |  1.6
Translocations | 1 |  1.6
Transmutations | 1 |  1.6
Fire Magic     | 1 |  1.6
Ice Magic      | 1 |  1.6
Air Magic      | 1 |  1.6
Earth Magic    | 1 |  1.6
Poison Magic   | 1 |  1.6
Armour         | 3 |  3.3
Fighting       | 5 |  5.0
Maces & Flails | 5 |  5.0
Dodging        | 5 |  5.0
Charms         | |  5.7

Action                   |  1- 3 |  4- 6 || total
-------------------------+-------+-------++-------
Melee: Mace              |     8 |    37 ||    45
       Whip              |    72 |   122 ||   194
       Bite              |     8 |    25 ||    33
       Punch             |       |     1 ||     1
Throw: Stone             |    28 |    73 ||   101
 Cast: Infusion          |     8 |    13 ||    21
Evoke: Wand              |       |    10 ||    10
  Use: Scroll            |     1 |       ||     1
       Potion            |       |     2 ||     2
 Stab: Sleeping          |     1 |       ||     1
  Eat: Chunk             |     1 |     6 ||     7
Armor: Leather armour    |     8 |       ||     8
       Ring mail         |    13 |    74 ||    87
Dodge: Dodged            |    38 |   158 ||   196
